 Dungeon Crawl Stone Soup version 0.30.0-15-g856e2d3f33 (webtiles) character file.

Game seed: 12826232629452808607

818 olmar the Covered (level 7, 0/63 HPs)
             Began as an Armataur Fighter on May 19, 2023.
             Succumbed to a water moccasin's poison
             ... on level 6 of the Dungeon.
             The game lasted 00:03:56 (4515 turns).

olmar the Covered (Armataur Fighter)                Turns: 4515, Time: 00:03:56

Health: 0/63       AC:  9    Str: 24    XL:     7   Next: 62%
Magic:  0/7        EV:  6    Int:  8    God:
Gold:   306        SH:  8    Dex:  9    Spells: 6/6 levels left

rFire   + . .        a - +0 flail
rCold   . . .        y - +0 kite shield
rNeg    . . .        b - +0 scale mail
rPois   .            (no helmet)
rElec   .            (no cloak)
rCorr   .            s - +0 pair of gloves {infuse}
SInv    .            (no barding)
Will    .....        (no amulet) Stlth
                     n - ring of protection from fire
HPRegen 0.30/turn    (no ring)
MPRegen 0.10/turn

%: roll
@: lethally poisoned (0 -> -15)
A: large, rugged brown scales 3, deformed body, armoured tail, roll, long
tongue, awkward tongue
a: no special abilities


You were on level 6 of the Dungeon.
You visited 1 branch of the dungeon, and saw 6 of its levels.

You collected 306 gold pieces.

Inventory:

Hand Weapons
 a - a +0 flail (weapon)
Armour
 b - a +0 scale mail (worn)
 c - a +0 buckler
 s - a +0 pair of gloves of infusion (worn)
 y - a +0 kite shield (worn)
Jewellery
 n - a ring of protection from fire (left hand)
Wands
 v - a wand of roots (13)
Scrolls
 e - a scroll of butterflies
 f - 3 scrolls of fear {unknown}
 i - 3 scrolls of teleportation {unknown}
 j - 2 scrolls of amnesia {unknown}
 l - 3 scrolls of enchant weapon {unknown}
 o - a scroll of identify {unknown}
 p - 6 scrolls of immolation {unknown}
 t - 2 scrolls of vulnerability {unknown}
 w - a scroll of enchant armour {unknown}
 B - a scroll of magic mapping {unknown}
Potions
 d - 4 potions of might
 g - 3 potions of curing {unknown}
 h - 4 potions of heal wounds
 k - 2 potions of degeneration {unknown}
 m - 2 potions of haste {unknown}
 q - 2 potions of lignification {unknown}
 r - 2 potions of flight {unknown}
 u - a potion of resistance {unknown}
 x - a potion of attraction {unknown}
 z - a potion of magic {unknown}
 A - 2 potions of mutation {unknown}


   Skills:
 + Level 4.2 Fighting
 + Level 5.1 Maces & Flails
 + Level 6.5 Armour
 - Level 0.1 Dodging
 + Level 4.8 Shields


You had 6 spell levels left.
You didn't know any spells.
Your spell library contained the following spells:

 Spells                   Type           Power      Damage    Failure   Level
 Slow                     Hex            0%         N/A       90%         1
 Blink                    Tloc           0%         N/A       97%         2
 Ensorcelled Hibernation  Hex/Ice        0%         N/A       97%         2
 Confusing Touch          Hex            0%         N/A       99%         3
 Spider Form              Tmut/Pois      0%         N/A       99%         3
 Vampiric Draining        Necr           0%         2d6       99%         3
 Anguish                  Hex/Necr       0%         N/A       100%        4
 Manifold Assault         Tloc           0%         N/A       100%        4
 Storm Form               Tmut/Air       0%         N/A       100%        7


Dungeon Overview and Level Annotations

Branches:
Dungeon (6/15)
 Temple: D:4-7

Altars:
Cheibriados
Okawaru
Sif Muna

Portals:
Abyss: D:3

Annotations:
D:3 2 transporters, Fractals's ghost, amateur DsBr


Innate Abilities, Weirdness & Mutations

You are completely covered in rugged brown scales. (AC +3, +7% HP)
Armour fits poorly on your strangely shaped body.
You have a long armoured tail.
You roll when moving toward enemies. (Rampage)
Your long tongue fully drains potion bottles. (2x potion effects)
Your tongue gives you trouble enunciating. (1.5x scroll delay)


Message History

You feel sick.
The water moccasin bites you but does no damage. x2
Unknown command.
Unknown command.
Unknown command.
You miss the water moccasin.
The water moccasin is heavily wounded.
You feel sick.
You are no longer poisoned.
The water moccasin bites you but does no damage. x2
Unknown command.
You thump the water moccasin!
The water moccasin is almost dead.
You block the water moccasin's attack. The water moccasin barely misses you.
Unknown command.
You barely miss the water moccasin.
The water moccasin is almost dead.
The water moccasin bites you.
* * * LOW HITPOINT WARNING * * *
You are poisoned.
The water moccasin poisons you!
Unknown command.
You closely miss the water moccasin.
The water moccasin is almost dead.
* * * LOW HITPOINT WARNING * * *
You feel very sick. The water moccasin bites you.
* * * LOW HITPOINT WARNING * * *
The water moccasin bites you.
* * * LOW HITPOINT WARNING * * *
You are lethally poisoned!
The water moccasin poisons you!
Unknown command.
You bludgeon the water moccasin!!
You kill the water moccasin!
* * * LOW HITPOINT WARNING * * *
You feel very sick.
Your Maces & Flails skill increases to level 5!
Unknown command.
You die...

##.(.# ### .#...# .#
..#.###.# .###...##
#.#.....# #
...#...#...#. #
...##### ..#.. #####.#
..†#...#...#...#...#.#
#.#.....# # #.@...#
.###...## .###)..##
..#.###.# .#.###.##
.#...#...# #...#...#
##...#...#####...#...#
.#...#...#...#...#...#
..#.###.#.....#.###.##
.###...###(..###...##
#.#.....#.###.#.....#


There were no monsters in sight!

Vanquished Creatures
  A water moccasin (D:6)
  An ogre (D:6)
  A phantom (D:5)
  A scorpion (D:6)
  6 hounds
  2 jellies (D:5)
  An iguana (D:5)
  Natasha (thrice) (D:3)
  6 adders
  A shadow imp (D:5)
  2 ufetubi
  2 worms
  A dart slug (D:1)
  4 orcs
  8 ball pythons
  13 endoplasms
  8 goblins
  12 hobgoblins
  3 jackals (D:1)
  5 kobolds
  2 quokkas (D:4)
  4 bats
  7 frilled lizards
  4 rats
98 creatures vanquished.

Notes
Turn   | Place    | Note
-------+----------+-------------------------------------------
     0 | D:1      | olmar the Armataur Fighter began the quest for the Orb.
     0 | D:1      | Reached XP level 1. HP: 19/19 MP: 1/1
   100 | D:1      | Reached XP level 2. HP: 23/26 MP: 2/2
   525 | D:1      | Reached skill level 4 in Armour
   544 | D:1      | Reached XP level 3. HP: 31/33 MP: 3/3
  1313 | D:2      | Found a snail-covered altar of Cheibriados.
  1377 | D:2      | Reached XP level 4. HP: 25/40 MP: 4/4
  1877 | D:3      | Found a one-way gate to the infinite horrors of the Abyss.
  1877 | D:3      | Noticed Fractals's ghost (amateur DsBr)
  1882 | D:3      | Found a transporter.
  1884 | D:3      | Noticed a small abomination
  1905 | D:3      | Noticed a small abomination
  1913 | D:3      | Found a transporter.
  1918 | D:3      | Noticed a small abomination
  1929 | D:3      | Noticed Natasha
  1934 | D:3      | Killed Natasha
  1991 | D:3      | Noticed Natasha
  1994 | D:3      | Killed Natasha
  1995 | D:3      | Reached XP level 5. HP: 48/48 MP: 3/5
  2176 | D:3      | Noticed Natasha
  2190 | D:3      | Killed Natasha
  2324 | D:3      | Found a faded altar of an unknown god.
  2363 | D:3      | You fall into a shaft and drop 1 floor!
  2949 | D:4      | Identified the staff of death "Ischaaliu" {rC+++ rN+ rCorr
                  | Str-2 Dex+4}
  3173 | D:5      | Entered Level 5 of the Dungeon
  3186 | D:5      | Reached skill level 5 in Armour
  3292 | D:5      | Noticed a phantom
  3300 | D:5      | Killed a phantom
  3301 | D:5      | Reached XP level 6. HP: 53/54 MP: 2/6
  3820 | D:5      | Found a shimmering blue altar of Sif Muna.
  3966 | D:5      | Found an iron altar of Okawaru.
  4225 | D:6      | Reached skill level 6 in Armour
  4225 | D:6      | Reached XP level 7. HP: 43/62 MP: 2/7
  4476 | D:6      | Identified the +1 robe of Maczadur {rC++ Str-2 Dex+3}
  4515 | D:6      | Reached skill level 5 in Maces & Flails
  4515 | D:6      | Succumbed to a water moccasin's poison

Illustrated notes

Levels and vault maps discovered:
D:1:      minmay_arrival_three_doors, layout_loops_corners,
          ebering_dispersal_statue_hall
D:2:      layout_basic, basic_altar, minmay_misc_feat_room,
          wander_ebering_terrifying_dragon_lair
D:3:      layout_loops_ring, basic_ecumenical_altar,
          gammafunk_ghost_abyssal_escape, uniq_natasha
D:4:      layout_cave_pods
D:5:      minmay_angry_zag, layout_basic, minitemple
D:6:      nicolae_cairo_tiling, layout_basic, ebering_ghost_sewer_f,
          due_unseen_surprise

Skill      XL: |  1  2  3  4  5  6  7 |
---------------+----------------------+-----
Maces & Flails | 2 3 4 5 |  5.1
Fighting       | 3 4 |  4.2
Armour         | 4 5 6 |  6.5
Shields        | 4 |  4.8
Dodging        | |  0.1

Action                     |  1- 3 |  4- 6 |  7- 9 || total
---------------------------+-------+-------+-------++-------
  Melee: Flail             |   148 |   143 |    38 ||   329
         Tailslap          |     8 |    16 |     3 ||    27
    Use: Scroll            |       |     1 |       ||     1
         Potion            |       |     1 |       ||     1
 Armour: Scale mail        |    81 |    62 |    16 ||   159
  Dodge: Dodged            |    43 |    45 |    12 ||   100
  Block: Buckler           |    27 |    20 |       ||    47
         Kite shield       |       |    18 |    19 ||    37
